 Dungeon Crawl Stone Soup version 0.22-a0-21-g9421e3f (webtiles) character file.

210 theanonym the Slasher (level 5, -4/34 HPs)
             Began as a Tengu Fighter on Jan 2, 2018.
             Was an Initiate of Gozag.
             Killed by divine providence
             ... invoked by an orc priest
              (9 damage)
             ... on level 4 of the Dungeon.
             The game lasted 00:04:30 (2818 turns).

theanonym the Slasher (Tengu Fighter)               Turns: 2818, Time: 00:04:31

Health: -4/34      AC:  6    Str: 17    XL:     5   Next: 88%
Magic:  6/6        EV:  6    Int:  8    God:    Gozag
Gold:   204        SH:  8    Dex: 14    Spells: 4/4 levels left

rFire    . . .     SeeInvis .   a - +1 long sword
rCold    . . .     Gourm    .   c - +0 shield
rNeg     . . .     Faith    .   s - +0 scale mail {10}
rPois    .         Spirit   .   (helmet restricted)
rElec    .         Reflect  .   (no cloak)
rCorr    .         Harm     .   (no gloves)
MR       .....                  (boots unavailable)
Stlth    ..........             h - amulet of magic regeneration
HPRegen  0.11/turn              (no ring)
MPRegen  0.35/turn              (no ring)

@: heavily drained
A: beak, talons 3, able to fly 1
a: Fly, Potion Petition, Call Merchant, Bribe Branch, Renounce Religion


Innate Abilities, Weirdness & Mutations

You have a beak for a mouth.
You have claws for feet.
You can fly.


   Skills:
 + Level 4.3(3.1) Fighting
 * Level 5.4(4.2) Long Blades
 - Level 3.2(2.1) Armour
 - Level 3.0(1.8) Shields


You had 4 spell levels left.
You didn't know any spells.

Skill      XL: |  1  2  3  4  5 |
---------------+----------------+-----
Long Blades    | 3 4 5 |  5.4
Fighting       | 4 |  4.3
Armour         | |  3.2
Shields        | |  3.0

Action                   |  1- 3 |  4- 6 || total
-------------------------+-------+-------++-------
Melee: Long sword        |    81 |   109 ||   190
       Kick              |    18 |    31 ||    49
       Peck              |     8 |    17 ||    25
  Use: Scroll            |       |     6 ||     6
  Eat: Ration            |     1 |       ||     1
       Chunk             |       |     2 ||     2
Armor: Scale mail        |    33 |    26 ||    59
Dodge: Dodged            |    25 |    35 ||    60
Block: Shield            |    45 |    48 ||    93
       Rpst.: Long sword |     7 |     7 ||    14

Inventory:

Hand Weapons
 a - a +1 long sword (weapon)
Missiles
 p - a throwing net (quivered)
Armour
 c - a +0 shield (worn)
 s - a +0 scale mail (worn) {10}
Jewellery
 h - an amulet of magic regeneration (around neck)
   (You took it off an orc on level 3 of the Dungeon)
Scrolls
 b - a scroll of blinking
 t - 2 scrolls of teleportation {!r}
Potions
 d - a potion of might
 f - a potion of cancellation {unknown}
 g - a potion of invisibility {unknown}
 i - a potion of heal wounds {unknown}
 k - a potion of agility {unknown}
 l - a potion of haste {unknown}
 n - a potion of ambrosia {unknown}
 q - a potion of magic {unknown}
Comestibles
 e - 6 rations


You were on level 4 of the Dungeon.
You worshipped Gozag.
Gozag was aware of your devotion.
You were hungry.

You visited 1 branch of the dungeon, and saw 4 of its levels.

You collected 268 gold pieces.
You paid 64 gold pieces to Gozag.

Dungeon Overview and Level Annotations

Branches:
Dungeon (4/15)
 Temple: D:4-7

Altars:
Dithmenos
Gozag

.# #.# .# #o#
###.# #o# ..#.#
#o# #.#.# #o#
#.#.# #.# #<#.##
#.# #....### #o#
#......# #@#
##...#.#####.#
##..........#
####.#####.#
########...# #.#
...........####.#
#######.........#
###########


You could see an orc priest, 2 orc wizards and 2 orcs.

Notes
Turn   | Place    | Note
-------+----------+-------------------------------------------
     0 | D:1      | theanonym the Tengu Fighter began the quest for the Orb.
     0 | D:1      | Reached XP level 1. HP: 14/14 MP: 2/2
   144 | D:1      | Reached XP level 2. HP: 17/19 MP: 3/3
   307 | D:1      | Reached skill level 3 in Long Blades
   590 | D:1      | theanonym: !stats tefi
   599 | D:1      | beem: Starting stats for TeFi: Str 16 Int 8 Dex 13. Stat gain: sid/4
   599 | D:1      | theanonym: !calc
   599 | D:1      | beem: Unknown field: x
   599 | D:1      | theanonym: !math
   599 | D:1      | theanonym: !calc 27/4
   599 | D:1      | beem: 6
   599 | D:1      | Reached XP level 3. HP: 21/23 MP: 4/4
  1260 | D:2      | Reached skill level 4 in Long Blades
  1260 | D:2      | Reached XP level 4. HP: 20/28 MP: 5/5
  1867 | D:2      | HP: 14/29 [something (3)]
  2129 | D:3      | Gained mutation: You can fly. [Tengu growth]
  2129 | D:3      | Reached XP level 5. HP: 33/33 MP: 6/6
  2140 | D:3      | Reached skill level 4 in Fighting
  2163 | D:3      | Reached skill level 5 in Long Blades
  2451 | D:3      | Found an opulent altar of Gozag.
  2539 | D:3      | Became a worshipper of Gozag Ym Sagoz the Greedy
  2606 | D:3      | Found a shadowy altar of Dithmenos.
  2814 | D:4      | HP: 17/34 [orc wizard/dagger of draining (1)]
  2817 | D:4      | HP: 5/34 [orc wizard/magic dart (6)]
  2818 | D:4      | Killed from afar by an orc priest

Vanquished Creatures
  2 orc wizards
  5 adders
  An ooze (D:1)
  An adder skeleton (D:3)
  A dart slug (D:1)
  5 leopard geckos
  16 orcs
  5 bats
  3 giant cockroaches
  7 goblins
  5 hobgoblins
  7 jackals
  2 quokkas
  3 frilled lizards
  11 kobolds
  9 rats
83 creatures vanquished.

Table legend:
 A = Turns spent in this place as a percentage of turns spent in the entire game.
 B = Non-inter-level travel turns spent in this place as a percentage of non-inter-level travel turns spent in the entire game.
 C = Inter-level travel turns spent in this place as a percentage of turns spent in this place.
 D = Turns resting spent in this place as a percentage of non-inter-level travel turns spent in this place.
 E = Turns spent auto-exploring this place as a percentage of non-inter-level travel turns spent in this place.
 F = Non-inter-level travel turns spent in this place divided by the number of levels of this place that you've seen.
                   A       B       C       D       E      F
               +-------+-------+-------+-------+-------+----------------------
         Total | 100.0 | 100.0 |   5.2 |  32.4 |  52.7 | 667.8
       Dungeon | 100.0 | 100.0 |   5.2 |  32.4 |  52.7 | 667.8
               +-------+-------+-------+-------+-------+----------------------
